 Dungeon Sprint DCSS version 0.30-a0-358-g0d69a1922f (webtiles) character file.

Game seed: 7480552835381679822

311 Pestilence the Trooper (level 6, 0/55 HPs)
             Began as a Mummy Fighter on Nov 10, 2022.
             Was an Initiate of Makhleb.
             Slain by a troll (1 damage)
             ... in the Dungeon (Sprint IX: "|||||||||||||||||||||||||||||").
             The game lasted 00:01:52 (556 turns).

Pestilence the Trooper (Mummy Fighter)               Turns: 556, Time: 00:01:53

Health: 0/55       AC:  9    Str: 21    XL:     6   Next: 18%
Magic:  6/6        EV: 13    Int:  8    God:    Makhleb [......]
Gold:   0          SH:  5    Dex: 11    Spells: 5/5 levels left

rFire   x . .      SeeInvis .    a - +0 long sword
rCold   + . .      Faith    +    c - +0 buckler
rNeg    + + +      Spirit   .    h - +1 scale mail
rPois   ∞          Reflect  .    g - +0 helmet
rElec   .          Harm     .    (no cloak)
rCorr   .          Rampage  .    (no gloves)
Will    .....      NoTele   +    (no boots)
Stlth   ..........               (no amulet)
HPRegen 0.29/turn                b - +2 ring of evasion
MPRegen 0.10/turn                i - +2 ring of evasion

@: no status effects
A: cold resistance 1, negative energy resistance 3, torment resistance 2, heat
vulnerability 1, in touch with death 1, no potions, faith
a: Renounce Religion


You were in the Dungeon.
You worshipped Makhleb.
Makhleb was noncommittal.
You visited 1 branch

Inventory:

Hand Weapons
 a - a +0 long sword (weapon)
Armour
 c - a +0 buckler (worn)
 g - a +0 helmet (worn)
 h - a +1 scale mail (worn)
Jewellery
 b - a +2 ring of evasion (left hand)
 i - a +2 ring of evasion (right hand)
Wands
 f - a wand of iceblast (10)
Scrolls
 d - 2 scrolls of amnesia


   Skills:
 + Level 7.2 Fighting
 + Level 5.6 Long Blades
 + Level 6.0 Armour
 + Level 6.0 Shields


You had 5 spell levels left.
You didn't know any spells.
Your spell library was empty.

Dungeon Overview and Level Annotations

Branches:
Dungeon (1/1)

Altars:
Cheibriados
Dithmenos
Fedhas
Gozag
Hepliaklqana
Kikubaaqudgha
Makhleb
Nemelex Xobeh
Okawaru
Qazlal
Ru
Sif Muna
Trog
Uskayaw
Vehumet
Wu Jian
Xom
Yredelemnul
Jiyva
Lugonu


Innate Abilities, Weirdness & Mutations

You are immune to poison.
Your flesh is cold resistant. (rC+)
You are immune to negative energy. (rN+++)
You are immune to unholy pain and torment.
You are vulnerable to heat. (rF-)
You are in touch with the powers of death.
You do not drink.
You have a special connection with the divine. (Faith)


Message History

You hit the yak.
The yak is almost dead.
You block the yak's attack.
You closely miss the yak.
The yak is almost dead.
You block the yak's attack.
You hit the yak.
You kill the yak!
Makhleb accepts your kill.
Your Fighting skill increases to level 7!
Your Long Blades skill increases to level 5!
Your Armour skill increases to level 6!
Your Shields skill increases to level 6!
You have reached level 6!
You closely miss the troll. You block the troll's attack.
The troll barely misses you. The troll claws you!
You closely miss the troll. The troll misses you.
The troll claws you but does no damage. x2; You block the troll's attack. x2
The troll claws you but does no damage.
You hit the troll.
The troll is lightly wounded.
The troll bites you! The troll claws you. x2
You hit the troll but do no damage. The troll misses you.
You block the troll's attack. The troll misses you.
You hit the troll.
The troll is lightly wounded.
The troll closely misses you. The troll claws you. x2
* * * LOW HITPOINT WARNING * * *
You barely miss the troll. The troll bites you!
* * * LOW HITPOINT WARNING * * *
The troll claws you.
* * * LOW HITPOINT WARNING * * *
The troll closely misses you.
You slash the troll!
The troll is moderately wounded.
The troll closely misses you. The troll barely misses you.
The troll closely misses you. The troll barely misses you. The troll claws you.
* * * LOW HITPOINT WARNING * * *
The troll claws you.
You die...

▓_▓
▓_▓
▓_▓
▓_▓
▓_▓
▓_▓
▓_▓
▓_▓
▓@▓
▓T▓
▓c▓
▓.▓
▓)▓
▓.▓
▓.▓
▓[▓
▓[▓


You could see a troll and a centaur.

Vanquished Creatures
  A yak (D)
  2 scorpions (D)
  A hound (D)
  2 adders (D)
  A dart slug (D)
  A goblin (D)
  A kobold (D)
  A bat (D)
  A frilled lizard (D)
11 creatures vanquished.

Notes
Turn   | Place    | Note
-------+----------+-------------------------------------------
     0 | D        | Pestilence the Mummy Fighter began the quest for the Orb.
     0 | D        | Reached XP level 1. HP: 18/18 MP: 1/1
    32 | D        | Noticed a hound
    32 | D        | Noticed a scorpion
    32 | D        | Noticed a scorpion
    41 | D        | Killed a hound
    42 | D        | Reached skill level 4 in Fighting
    42 | D        | Reached XP level 2. HP: 20/25 MP: 2/2
    42 | D        | Gained mutation: You are in touch with the powers of death.
                  | [Mummy growth]
    42 | D        | Reached XP level 3. HP: 24/30 MP: 3/3
    52 | D        | Killed a scorpion
    53 | D        | Reached skill level 5 in Fighting
    53 | D        | Reached XP level 4. HP: 9/39 MP: 4/4
   225 | D        | Killed a scorpion
   226 | D        | Reached skill level 6 in Fighting
   226 | D        | Reached skill level 5 in Armour
   226 | D        | Reached skill level 5 in Shields
   226 | D        | Reached XP level 5. HP: 30/46 MP: 5/5
   291 | D        | Found a snail-covered altar of Cheibriados.
   291 | D        | Found a shadowy altar of Dithmenos.
   291 | D        | Found a blossoming altar of Fedhas.
   291 | D        | Found an opulent altar of Gozag.
   292 | D        | Found a hazy altar of Hepliaklqana.
   293 | D        | Found a viscous altar of Jiyva.
   294 | D        | Found an ancient bone altar of Kikubaaqudgha.
   295 | D        | Found a corrupted altar of Lugonu.
   296 | D        | Found a burning altar of Makhleb.
   297 | D        | Found a sparkling altar of Nemelex Xobeh.
   298 | D        | Found an iron altar of Okawaru.
   299 | D        | Found a stormy altar of Qazlal.
   300 | D        | Found a sacrificial altar of Ru.
   301 | D        | Found a shimmering blue altar of Sif Muna.
   302 | D        | Found a bloodstained altar of Trog.
   303 | D        | Found a hide-covered altar of Uskayaw.
   304 | D        | Became a worshipper of Makhleb the Destroyer
   305 | D        | Found a radiant altar of Vehumet.
   306 | D        | Found an ornate altar of the Wu Jian Council.
   307 | D        | Found a shimmering altar of Xom.
   308 | D        | Found a basalt altar of Yredelemnul.
   354 | D        | Noticed a yak
   354 | D        | Noticed a troll
   354 | D        | Noticed a centaur
   354 | D        | Noticed a wraith
   354 | D        | Noticed a wraith
   354 | D        | Noticed a two-headed ogre
   373 | D        | HP: 1/46 [yak (5)]
   549 | D        | Killed a yak
   550 | D        | Reached skill level 7 in Fighting
   550 | D        | Reached skill level 5 in Long Blades
   550 | D        | Reached XP level 6. HP: 45/55 MP: 6/6
   556 | D        | HP: 1/55 [troll (4)]
   556 | D        | Slain by a troll

Illustrated notes

Levels and vault maps discovered:
D:        linesprint [early_d, line_temple, items_1, d_10, items_2, lair_1,
          lair_end, items_3, orc_1, orc_end, items_4, d_15, swamp_1, shoals_1,
          snake_1, spider_1, d_20, vaults_1, items_5, swamp_end, shoals_end,
          snake_end, spider_end, vaults_end, d_27, items_6, zot_1, zot_end,
          crypt_end, forest_end, elf_end, slime_end, tomb_end, abyss_end,
          pan_hell_end]

Skill      XL: |  1  2  3  4  5 |
---------------+----------------+-----
Long Blades    | 3 4 5 |  5.6
Fighting       | 4 5 6 7 |  7.2
Armour         | 3 4 5 6 |  6.0
Shields        | 3 4 5 6 |  6.0

Action                   |  1- 3 |  4- 6 || total
-------------------------+-------+-------++-------
Melee: Long sword        |    40 |    69 ||   109
  Use: Scroll            |       |     2 ||     2
Armor: Scale mail        |    16 |    17 ||    33
Dodge: Dodged            |    20 |    41 ||    61
Block: Buckler           |     7 |    19 ||    26

Table legend: (Time is in decaauts)
 A = Elapsed time spent in this place.
 B = Non-inter-level travel time spent in this place.
 C = Inter-level travel time spent in this place.
 D = Time resting spent in this place.
 E = Time spent auto-exploring this place.
 F = Levels seen in this place.
 G = Mean time per level.
                   A        B        C        D        E       F      G
               +--------+--------+--------+--------+--------+-----+--------+
         Total |    582 |    582 |      0 |    348 |      9 |   1 |  582.0 |
       Dungeon |    582 |    582 |      0 |    348 |      9 |   1 |  582.0 |
               +--------+--------+--------+--------+--------+-----+--------+

Top non-repeatable levels by time:
       D: 582 daAuts
